 Dungeon Crawl Stone Soup version 0.31-a0-507-gbafd7f5274 (webtiles) character file.

Game seed: 3503472580006122163

17961 ytrimaz the Grappler (level 12, -20/76 HPs)
             Began as a Demonspawn Shapeshifter on Aug 8, 2023.
             Was a High Priest of Okawaru.
             Blown up by a great orb of eyes (22 damage)
             ... with a mindburst bolt
             ... on level 12 of the Dungeon on Aug 9, 2023.
             The game lasted 00:15:54 (10149 turns).

ytrimaz the Grappler (Demonspawn Shapeshifter)     Turns: 10149, Time: 00:15:55

Health: -20/76     AC: 19    Str: 18 (21) XL:     12   Next: 23%
Magic:  15/17      EV: 18    Int:  9 (10) God:    Okawaru [*****.]
Gold:   694        SH:  0    Dex: 18      Spells: 11/11 levels left

rFire   + .          .
                       - Unarmed
rCold   . . .        (shield currently unavailable)
rNeg    . . .        u - +6 ring mail of Purpose {Dex+5}
rPois   .            (helmet restricted)
rElec   .            (no cloak)
rCorr   .            B - +0 pair of gloves
SInv    .            (no boots)
Will    .....        x - amulet of regeneration
Stlth   +            y - +5 ring of evasion
HPRegen 1.12/turn    v - ring of Cugic {rF+ AC+4}
MPRegen 0.30/turn

%: no passive effects
@: flux-form, glowing
A: glow, contaminating, antennae 2, molten scales 2, ignite blood 2, magic
regeneration
a: Begin Untransformation, Renounce Religion, Heroism, Finesse, Duel


You were on level 12 of the Dungeon.
You worshipped Okawaru.
Okawaru was extremely pleased with you.
You were something dangerously unstable.
You visited 3 branches of the dungeon, and saw 14 of its levels.
You also visited: Ice Cave.

You collected 694 gold pieces.


Innate Abilities, Weirdness & Mutations

You are something dangerously unstable.
You glow with magical radiation, making you easy to see and hit.
Foes you strike become dangerously contaminated with magical radiation.
You are incapable of wielding weapons or throwing items.
You have a pair of antennae on your head.
You are mostly covered in molten scales. (AC +3)
Your demonic aura often causes spilled blood to erupt in flames.
You regenerate magic rapidly.


   Skills:
 - Level 1.0 Fighting
 + Level 5.2 Dodging
 - Level 12.0 Unarmed Combat
 + Level 6.8 Invocations
 + Level 11.2 Shapeshifting


You had 11 spell levels left.
You didn't know any spells.
Your spell library contained the following spells:

 Spells                   Type           Power      Damage    Failure   Level
 Shock                    Conj/Air       0%         1d3       58%         1
 Sublimation of Blood     Necr           0%         N/A       73%         2
 Hailstorm                Conj/Ice       0%         3d3       91%         3
 Swiftness                Air            0%         N/A       91%         3
 Volatile Blastmotes      Fire/Tloc      0%         2d10      91%         3
 Airstrike                Air            0%         2d(0-16)  100%        4
 Petrify                  Tmut/Erth      0%         N/A       100%        4
 Irradiate                Conj/Tmut      0%         3d11      100%        5
 Eringya's Noxious Bog    Tmut/Pois      0%         4d6       100%        6
 Plasma Beam              Fire/Air       0%         2x1d10    100%        6
 Summon Small Mammal      Summ           Unusable   N/A       N/A         1
 Call Canine Familiar     Summ           Unusable   N/A       N/A         3
 Summon Guardian Golem    Hex/Summ       Unusable   N/A       N/A         3
 Summon Ice Beast         Ice/Summ       Unusable   N/A       N/A         4
 Simulacrum               Ice/Necr       Unusable   N/A       N/A         6

Inventory:

Missiles
 J - a throwing net (quivered)
Armour
 a - a +1 animal skin
 k - a +0 robe of willpower
   (You found it on level 2 of the Dungeon)
 u - the +6 ring mail of Purpose (worn) {Dex+5}
   (You found it on level 4 of the Dungeon)

   Dex+5:     It affects your dexterity (+5).
 B - a +0 pair of gloves (worn)
   (You found it on level 7 of the Dungeon)
Jewellery
 e - an amulet of the acrobat
   (You found it on level 1 of the Dungeon)
 g - a ring of willpower
   (You found it on level 8 of the Dungeon)
 i - a ring of willpower
   (You found it on level 1 of the Dungeon)
 p - a ring of positive energy
   (You found it on level 3 of the Dungeon)
 v - the ring of Cugic (right hand) {rF+ AC+4}
   (You found it on level 4 of the Dungeon)

   [ring of protection]

   AC+4:      It affects your AC (+4).
   rF+:       It protects you from fire.
 x - an amulet of regeneration (around neck)
   (You found it on level 6 of the Dungeon)
 y - a +5 ring of evasion (left hand)
   (You found it on level 7 of the Dungeon)
 F - a ring of wizardry
   (You found it on level 7 of the Dungeon)
 G - a ring of positive energy
   (You found it on level 9 of the Dungeon)
 H - an amulet of magic regeneration
   (You found it on level 9 of the Dungeon)
Talismans
 c - a beast talisman
 d - a flux talisman (active)
Wands
 n - a wand of charming (13)
   (You found it on level 3 of the Dungeon)
 w - a wand of iceblast (8)
   (You found it on level 6 of the Dungeon)
 P - a wand of digging (6)
   (You found it on level 11 of the Dungeon)
Scrolls
 f - 5 scrolls of fog
 m - 3 scrolls of teleportation
 r - 2 scrolls of vulnerability
 C - 2 scrolls of enchant armour
 D - a scroll of immolation {unknown}
 E - a scroll of fear
 K - a scroll of revelation
 L - a scroll of torment
 N - a scroll of poison {unknown}
Potions
 b - a potion of brilliance {unknown}
 h - 2 potions of enlightenment
 j - 3 potions of curing
 l - a potion of resistance {unknown}
 o - a potion of magic {unknown}
 q - 2 potions of cancellation {unknown}
 s - 4 potions of mutation
 t - 3 potions of might
 z - a potion of degeneration
 I - a potion of haste {unknown}
 O - a potion of heal wounds {unknown}

Dungeon Overview and Level Annotations

Branches:
Dungeon (12/15) Zot: 26495  Temple (1/1) D:6 Zot: 5902    Lair (1/5) D:11 Zot: 5746
    Orc (0/2) D:11          IceCv (visited)

Altars:
Ashenzari
Cheibriados
Dithmenos
Fedhas
Gozag
Hepliaklqana
Kikubaaqudgha
Makhleb
Nemelex Xobeh
Okawaru
Qazlal
Ru
Sif Muna
Trog
Uskayaw
Vehumet
Wu Jian
Xom
Yredelemnul

Shops:
D:11

: {#...'.........
##...##.......#
#.....#########
##.☼..###.....##
#.....#.#.....#.
##....##.##..)##.
#...○.#...†...[..
##†...##.).##.##†.
#BG.C.#....)#[#)..
###'#############)
#.....#.....#[#...
##....##...##.##).
#.....#...'...'..
##....##[##...##.
#.....#.#.....#.
##....###.....##
'.....####'####


You could see a great orb of eyes (heavy contam, misshapen) and a cyclops
(fleeing).


Message History

You now have 694 gold pieces (gained 35).
You sense a monster nearby.
A manticore comes into view.
A manticore is nearby!
A great orb of eyes comes into view.
The great orb of eyes turns its gaze towards you.
There is an open door here.
Unknown command.
You hit the great orb of eyes.
The great orb of eyes begins to glow.
The great orb of eyes gazes at you.
You feel your power leaking away. 😎 MP[-5]
You lost 5 mp, and now have 11/16 mp.
You hit the great orb of eyes.
The great orb of eyes glows dangerously bright.
The great orb of eyes gazes at you.
You suddenly lose the ability to move!
A cyclops comes into view.
The great orb of eyes gazes at you.
You are confused.
The great orb of eyes gazes at you.
You are more confused.
The great orb of eyes bites you.
You can move again. 😕 HP[-2] MP[+1]
You take 2 damage, and now have 74/76 hp.
You hit the great orb of eyes.
The great orb of eyes shudders as magic cascades through it!
The great orb of eyes twists and deforms. 😎 HP[+2]
Your hp is fully restored (76).
You bump into the stone wall.
The great orb of eyes gazes at you.
Your mind is blasted!
Unknown command. 😮 HP[-22] MP[+1]
You take 22 damage, and now have 54/76 hp.
MASSIVE DAMAGE!! (PAUSE)
The great orb of eyes bites you but does no damage. 😮 HP[+1]
You punch the manticore!
The manticore begins to glow.
The manticore is engulfed in blazing flames.
The manticore bites you! The manticore closely misses you.
The manticore completely misses you.
The great orb of eyes barely misses you. 😮 HP[-8]
You take 8 damage, and now have 47/76 hp.
Unknown command.
You punch the great orb of eyes!
The great orb of eyes begins to glow.
The manticore is engulfed in blazing flames.
The manticore bites you.
The manticore claws you but does no damage.
The manticore claws you!
* * * LOW HITPOINT WARNING * * *
The great orb of eyes misses you. 😨 HP[-14]
You take 14 damage, and now have 33/76 hp.
You're too confused to move!
The great orb of eyes bites you but does no damage.
The manticore is engulfed in blazing flames.
The manticore misses you. The manticore closely misses you.
The manticore claws you but does no damage. 😨 HP[+1] MP[+1] Unknown command.
The great orb of eyes barely misses you.
The manticore is engulfed in blazing flames. 😨 HP[+1] Unknown command.
You bump into the stone wall.
The great orb of eyes gazes at you. You resist with some effort.
The manticore is engulfed in blazing flames.
You kill the manticore!
Okawaru accepts your kill. 😨 HP[+1]
You feel less confused.
The great orb of eyes barely misses you.
You see here a manticore corpse. 😨 HP[+1] MP[+1] Unknown command.
The great orb of eyes bites you!
* * * LOW HITPOINT WARNING * * *
😨 HP[-9]
You take 9 damage, and now have 28/76 hp.
Unknown command.
You hit the great orb of eyes.
The great orb of eyes glows dangerously bright.
The great orb of eyes gazes at you.
Your mind is blasted!
* * * LOW HITPOINT WARNING * * *
😱 HP[-27]
You take 27 damage, and now have 1/76 hp.
MASSIVE DAMAGE!! (PAUSE)
Okay, then.
As you read the scroll of fear, it crumbles to dust.
You assume a fearsome visage.
The cyclops looks frightened!
The great orb of eyes resists with almost no effort.
The great orb of eyes gazes at you.
Your mind is blasted!
You die...

Skill      XL: |  1  2  3  4  5  6  7  8  9 10 11 12 |
---------------+-------------------------------------+-----
Unarmed Combat | 3 4 5 6 8 9 11 12 | 12.0
Shapeshifting  | 3 4 5 6 8 9 11 | 11.2
Dodging        | 4 5 |  5.2
Invocations    | 5 6 |  6.8
Fighting       | |  1.0

Action                     |  1- 3 |  4- 6 |  7- 9 | 10-12 || total
---------------------------+-------+-------+-------+-------++-------
  Melee: Unarmed           |   145 |    83 |   367 |   469 ||  1064
         Punch             |       |     1 |     2 |     2 ||     5
 Invoke: Heroism           |       |       |       |     4 ||     4
    Use: Scroll            |     2 |       |    10 |     5 ||    17
         Potion            |       |     1 |       |     4 ||     5
   Stab: Sleeping          |     1 |       |       |       ||     1
 Armour: Animal skin       |    24 |       |       |       ||    24
         Robe              |     9 |    13 |       |       ||    22
         Skin              |       |     3 |       |    13 ||    16
         Ring mail         |       |     3 |   194 |   156 ||   353
  Dodge: Dodged            |   129 |    47 |   265 |   335 ||   776
   Form: Flux              |       |       |     1 |       ||     1

Levels and vault maps discovered:
D:1:      noname_arrival_rooms_in_the_neighbourhood, layout_rooms,
          shapermc_ecumenical_altar_gd
D:2:      minmay_chambers_of_ones, layout_basic
D:3:      layout_basic, uniq_grinder, uniq_pargi
D:4:      layout_basic
D:5:      layout_basic, uniq_sigmund
D:6:      layout_rooms, okawaru_altar_gauntlet_db, old_standard_altar,
          old_standard_altar, minmay_temple_entry_water_ring,
          uniq_prince_ribbit1
D:7:      layout_layer_cave, nicolae_overflows_in_rows, corner_web_ring,
          dreamdust_mushroom_princess
D:8:      layout_basic
D:9:      layout_loops_ring, chequers_temple_overflow_statue_of_worship,
          nicolae_fountain_basement
D:10:     layout_stronghold, dreamdust_gnoll_shepherd, uniq_maggie
D:11:     layout_long_grid, david_lair_generic, orc_0_dummy, serial_shops, shop,
          nicolae_elyvilon_temple_path
D:12:     nicolae_hexawheel, layout_loops_cross
Temple:   hellmonk_temple_beads
Lair:1:   layout_layer_cave, portal_ice_cave_rime,
          chequers_serial_rivers_small_a, chequers_serial_rivers_small_b,
          st_stairs_10, grunt_forest_large_clearings, grunt_megastairs_5

Notes
Turn   | Place    | Note
-------+----------+-------------------------------------------
     0 | D:1      | ytrimaz the Demonspawn Shapeshifter began the quest for the
                  | Orb.
     0 | D:1      | Reached XP level 1. HP: 15/15 MP: 1/1
     0 | D:1      | magus.rc [v1.9.6]
   135 | D:1      | Found a faded altar of an unknown god.
   360 | D:1      | Reached skill level 3 in Unarmed Combat
   437 | D:1      | HP: 2/15 [kobold/+0 short sword (3)]
   439 | D:1      | Gained mutation: You are partially covered in molten
                  | scales. (AC +2) [demonic ancestry]
   439 | D:1      | Reached XP level 2. HP: 4/21 MP: 2/2
   615 | D:1      | Reached skill level 3 in Shapeshifting
   893 | D:2      | Reached XP level 3. HP: 21/26 MP: 3/3
  1414 | D:2      | You pick up a book of Callings and begin reading...
  1414 | D:2      | You add the spells Summon Small Mammal, Call Canine
                  | Familiar and Summon Guardian Golem to your library.
  1489 | D:2      | Upgraded the game from 0.31-a0-496-g6f97920a28 to
                  | 0.31-a0-507-gbafd7f5274
  1489 | D:2      | magus.rc [v1.9.6]
  1974 | D:3      | Gained mutation: You are mostly covered in molten scales.
                  | (AC +3) [demonic ancestry]
  1974 | D:3      | Reached XP level 4. HP: 32/32 MP: 4/4
  2028 | D:3      | Noticed Grinder
  2047 | D:3      | Killed Grinder
  2048 | D:3      | Reached skill level 4 in Unarmed Combat
  2048 | D:3      | Reached skill level 4 in Shapeshifting
  2048 | D:3      | Gained mutation: Your demonic aura sometimes causes spilled
                  | blood to erupt in flames. [demonic ancestry]
  2048 | D:3      | Reached XP level 5. HP: 21/37 MP: 5/5
  2165 | D:3      | Gained mutation: You regenerate magic rapidly. [demonic
                  | ancestry]
  2165 | D:3      | Reached XP level 6. HP: 38/43 MP: 6/6
  2408 | D:3      | Noticed Pargi
  2415 | D:3      | Killed Pargi
  2416 | D:3      | Reached skill level 5 in Unarmed Combat
  2737 | D:3      | magus.rc [v1.9.6]
  3081 | D:4      | Identified the +6 ring mail of Purpose {Dex+5}
  3207 | D:4      | Reached XP level 7. HP: 28/48 MP: 7/7
  3208 | D:4      | Identified the ring of Cugic {rF+ AC+4}
  3307 | D:4      | Reached skill level 5 in Shapeshifting
  3790 | D:5      | Entered Level 5 of the Dungeon
  3813 | D:5      | Reached skill level 6 in Unarmed Combat
  3953 | D:5      | You pick up a book of Air and begin reading...
  3953 | D:5      | You add the spells Shock, Swiftness and Airstrike to your
                  | library.
  4074 | D:5      | Noticed Sigmund
  4089 | D:5      | Reached XP level 8. HP: 44/54 MP: 8/8
  4108 | D:5      | Killed Sigmund
  4109 | D:5      | Reached skill level 7 in Unarmed Combat
  4109 | D:5      | Reached skill level 6 in Shapeshifting
  4280 | D:5      | You pick up a book of the Tundra and begin reading...
  4280 | D:5      | You add the spells Hailstorm, Summon Ice Beast and
                  | Simulacrum to your library.
  4407 | D:6      | Noticed Prince Ribbit
  4416 | D:6      | Killed Prince Ribbit
  4424 | D:6      | Found a staircase to the Ecumenical Temple.
  4572 | Temple   | Entered the Ecumenical Temple
  4760 | D:6      | Reached skill level 8 in Unarmed Combat
  4769 | D:6      | Reached XP level 9. HP: 48/59 MP: 9/9
  4774 | D:6      | Reached skill level 7 in Shapeshifting
  4987 | D:6      | Found a hazy altar of Hepliaklqana.
  5063 | D:6      | Found an iron altar of Okawaru.
  5087 | D:6      | Became a worshipper of Warmaster Okawaru
  5324 | D:7      | Reached skill level 9 in Unarmed Combat
  5430 | D:7      | Reached * piety under Okawaru
  5549 | D:7      | You pick up a book of Alchemy and begin reading...
  5549 | D:7      | You add the spells Sublimation of Blood, Petrify and
                  | Irradiate to your library.
  5876 | D:7      | Found an opulent altar of Gozag.
  5876 | D:7      | Found a snail-covered altar of Cheibriados.
  5879 | D:7      | Found a broken altar of Ashenzari.
  5879 | D:7      | Found an ornate altar of the Wu Jian Council.
  5881 | D:7      | Found a basalt altar of Yredelemnul.
  5881 | D:7      | Found a radiant altar of Vehumet.
  5881 | D:7      | Found a hide-covered altar of Uskayaw.
  6021 | D:8      | Reached skill level 8 in Shapeshifting
  6153 | D:8      | You add the spells Volatile Blastmotes, Plasma Beam and
                  | Eringya's Noxious Bog to your library.
  6153 | D:8      | Got the Folio of Amorphous Lava
  6343 | D:8      | Gained mutation: You have a pair of small antennae on your
                  | head. [demonic ancestry]
  6343 | D:8      | Reached XP level 10. HP: 65/65 MP: 10/10
  6733 | D:8      | Identified the +7 dagger "Qucudgha" {freeze, Str+4}
  7047 | D:9      | Reached ** piety under Okawaru
  7048 | D:9      | Reached skill level 10 in Unarmed Combat
  7178 | D:9      | Found a shimmering altar of Xom.
  7185 | D:9      | Found a bloodstained altar of Trog.
  7185 | D:9      | Found a stormy altar of Qazlal.
  7203 | D:9      | Reached skill level 9 in Shapeshifting
  7221 | D:9      | Noticed a two-headed ogre
  7262 | D:9      | Reached *** piety under Okawaru
  7621 | D:10     | Entered Level 10 of the Dungeon
  7661 | D:10     | Noticed Maggie
  7680 | D:10     | Killed Maggie
  7830 | D:10     | Noticed a two-headed ogre
  7853 | D:10     | Reached skill level 11 in Unarmed Combat
  7862 | D:10     | Killed a two-headed ogre
  7862 | D:10     | Reached **** piety under Okawaru
  8252 | D:10     | Gained mutation: You have a pair of antennae on your head.
                  | [demonic ancestry]
  8252 | D:10     | Reached XP level 11. HP: 70/70 MP: 11/11
  8748 | D:11     | Found a staircase to the Lair.
  8806 | D:11     | Noticed a boulder beetle
  8819 | D:11     | Killed a boulder beetle
  8819 | D:11     | Reached ***** piety under Okawaru
  8820 | D:11     | Reached skill level 10 in Shapeshifting
  8954 | D:11     | Reached skill level 12 in Unarmed Combat
  9097 | D:11     | Found Pauczass's Book Emporium.
  9172 | D:11     | Found a staircase to the Orcish Mines.
  9179 | D:11     | Noticed a white ugly thing
  9186 | D:11     | Killed a white ugly thing
  9295 | Lair:1   | Entered Level 1 of the Lair of Beasts
  9304 | Lair:1   | Found a frozen archway.
  9311 | Lair:1   | Reached skill level 2 in Dodging
  9311 | Lair:1   | Reached skill level 1 in Invocations
  9323 | IceCv    | Entered an ice cave
  9336 | IceCv    | Reached skill level 2 in Invocations
  9436 | Lair:1   | Received a gift from Okawaru
  9498 | Lair:1   | Reached skill level 3 in Invocations
  9502 | Lair:1   | Reached skill level 3 in Dodging
  9644 | D:12     | Noticed a boulder beetle
  9659 | D:12     | Killed a boulder beetle
  9660 | D:12     | Reached skill level 4 in Invocations
  9684 | D:12     | Noticed a centaur warrior
  9685 | D:12     | Noticed a deep elf pyromancer
  9705 | D:12     | HP: 13/70 [centaur warrior (7)]
  9709 | D:12     | Killed a centaur warrior
  9710 | D:12     | Reached skill level 4 in Dodging
  9711 | D:12     | HP: 13/105 [burnt (1)]
  9712 | D:12     | Killed a deep elf pyromancer
  9713 | D:12     | Reached skill level 5 in Invocations
  9713 | D:12     | Reached skill level 11 in Shapeshifting
  9715 | D:12     | HP: 5/105 [acid dragon (10)]
  9791 | D:12     | Gained mutation: Your demonic aura often causes spilled
                  | blood to erupt in flames. [demonic ancestry]
  9791 | D:12     | Reached XP level 12. HP: 64/76 MP: 16/16
  9938 | D:12     | Received a gift from Okawaru
  9938 | D:12     | Found the +7 mace of Variability {chaos, chaos arc}
  9939 | D:12     | Reached skill level 6 in Invocations
 10017 | D:12     | Noticed a two-headed ogre
 10028 | D:12     | Killed a two-headed ogre
 10034 | D:12     | Reached skill level 5 in Dodging
 10128 | D:12     | Noticed a great orb of eyes
 10133 | D:12     | Paralysed by a great orb of eyes for 3 turns
 10148 | D:12     | HP: 1/76 [disintegration (28)]
 10149 | D:12     | Blown up by a great orb of eyes

Vanquished Creatures
  A centaur warrior (D:12)
  2 two-headed ogres
  2 boulder beetles
  An ugly thing (D:11)
  A deep elf pyromancer (D:12)
  A manticore (D:12)
  A cyclops (D:11)
  A water nymph (shapeshifter) (D:12)
  A gargoyle (D:11)
  2 rime drakes (Lair:1)
  An unseen horror (D:11)
  Maggie (D:10)
  A freezing wraith (D:12)
  2 kobold demonologists
  An efreet (D:12)
  A komodo dragon (D:10)
  3 trolls (D:12)
  A hornet (D:8)
  Grinder (D:3)
  A dream sheep (D:10)
  Prince Ribbit (D:6)
  Sigmund (D:5)
  2 shadows (D:10)
  A vampire (D:12)
  7 wraiths
  12 yaks
  2 wyverns
  3 vampire mosquitoes (D:12)
  A steam dragon (D:10)
  A death yak simulacrum (IceCv)
  4 water moccasins
  4 acid dragons
  3 orc warriors
  Pargi (D:3)
  2 black bears
  A sky beast (D:7)
  5 centaurs
  3 ogres
  A phantom (D:7)
  A kobold brigand (D:9)
  3 bullfrogs
  2 gnoll sergeants
  A scorpion (D:4)
  12 wights
  A cane toad simulacrum (IceCv)
  An elephant simulacrum (IceCv)
  An electric eel (D:11)
  10 howler monkeys
  4 hounds
  2 gnoll boudas
  A jelly (D:4)
  7 orc priests
  6 iguanas
  7 orc wizards
  2 wolf simulacra (IceCv)
  14 gnolls
  8 adders
  A shadow imp (D:7)
  2 white imps (IceCv)
  2 ufetubi
  4 worms
  2 dart slugs
  38 orcs
  8 ball pythons
  5 endoplasms
  3 giant cockroaches
  4 goblins
  5 hobgoblins
  7 jackals
  18 kobolds
  2 quokkas
  3 bats
  A frilled lizard (D:1)
  7 rats
276 creatures vanquished.

Table legend:
 A = Non-vault XP
 B = Vault XP
 C = Vault XP percentage of total XP
 D = Non-vault monster count
 E = Vault monster count
 F = Vault count percentage of total count
                 A         B        C        D         E       F
            +---------+---------+-------+---------+---------+-------
      Total |   18518 |    7141 |  27.8 |     232 |      44 |  15.9
            +---------+---------+-------+---------+---------+-------
        D:1 |      24 |       0 |   0.0 |      14 |       0 |   0.0
        D:2 |      53 |      11 |  17.2 |      15 |       5 |  25.0
        D:3 |      93 |     403 |  81.2 |      24 |       2 |   7.7
        D:4 |     413 |       0 |   0.0 |      18 |       0 |   0.0
        D:5 |     844 |     231 |  21.5 |      22 |       1 |   4.3
        D:6 |     821 |     274 |  25.0 |      19 |       7 |  26.9
        D:7 |    1239 |       0 |   0.0 |      29 |       0 |   0.0
        D:8 |    1422 |       0 |   0.0 |      17 |       0 |   0.0
        D:9 |    2223 |       0 |   0.0 |      31 |       0 |   0.0
       D:10 |    2320 |     681 |  22.7 |      15 |       3 |  16.7
       D:11 |    3816 |     550 |  12.6 |      11 |       3 |  21.4
       D:12 |    4083 |    3820 |  48.3 |      11 |      13 |  54.2
     Lair:1 |    1167 |     775 |  39.9 |       6 |       2 |  25.0
      IceCv |       0 |     396 | 100.0 |       0 |       8 | 100.0
            +---------+---------+-------+---------+---------+-------

Skill      XL: |  1  2  3  4  5  6  7  8  9 10 11 12 |
---------------+-------------------------------------+-----
Unarmed Combat | 3 4 5 6 8 9 11 12 | 12.0
Shapeshifting  | 3 4 5 6 8 9 11 | 11.2
Dodging        | 4 5 |  5.2
Invocations    | 5 6 |  6.8
Fighting       | |  1.0

Action                     |  1- 3 |  4- 6 |  7- 9 | 10-12 || total
---------------------------+-------+-------+-------+-------++-------
  Melee: Unarmed           |   145 |    83 |   367 |   469 ||  1064
         Punch             |       |     1 |     2 |     2 ||     5
 Invoke: Heroism           |       |       |       |     4 ||     4
    Use: Scroll            |     2 |       |    10 |     5 ||    17
         Potion            |       |     1 |       |     4 ||     5
   Stab: Sleeping          |     1 |       |       |       ||     1
 Armour: Animal skin       |    24 |       |       |       ||    24
         Robe              |     9 |    13 |       |       ||    22
         Skin              |       |     3 |       |    13 ||    16
         Ring mail         |       |     3 |   194 |   156 ||   353
  Dodge: Dodged            |   129 |    47 |   265 |   335 ||   776
   Form: Flux              |       |       |     1 |       ||     1

Illustrated notes

Table legend:
 A = Kills in this place as a percentage of kills in the entire game.
 B = Kills by you in this place as a percentage of kills by you in the entire game.
 C = Kills by friends in this place as a percentage of kills by friends in the entire game.
 D = Other kills in this place as a percentage of other kills in the entire game.
 E = Experience gained in this place as a percentage of experience gained in the entire game.
 F = Experience gained in this place divided by the number of levels of this place that you have seen.
                   A       B       C       D       E      F
               +-------+-------+-------+-------+-------+----------------------
         Total | 100.0 | 100.0 |   N/A |   N/A | 100.0 | 1710.6
       Dungeon |  94.2 |  94.2 |   N/A |   N/A |  90.9 | 1943.4
          Lair |   2.9 |   2.9 |   N/A |   N/A |   7.6 | 1942.0
      Ice Cave |   2.9 |   2.9 |   N/A |   N/A |   1.5 | 396.0
               +-------+-------+-------+-------+-------+----------------------

Table legend: (Time is in decaauts)
 A = Elapsed time spent in this place.
 B = Non-inter-level travel time spent in this place.
 C = Inter-level travel time spent in this place.
 D = Time resting spent in this place.
 E = Time spent auto-exploring this place.
 F = Levels seen in this place.
 G = Mean time per level.
                   A        B        C        D        E       F      G
               +--------+--------+--------+--------+--------+-----+--------+
         Total |  10005 |   9581 |    424 |     51 |   7289 |  15 |  667.0 |
       Dungeon |   9615 |   9268 |    347 |     51 |   7133 |  12 |  801.2 |
        Temple |     97 |     54 |     43 |      0 |      0 |   1 |   97.0 |
          Lair |    253 |    219 |     34 |      0 |    156 |   1 |  253.0 |
      Ice Cave |     38 |     38 |      0 |      0 |      0 |   1 |   38.0 |
               +--------+--------+--------+--------+--------+-----+--------+

Top non-repeatable levels by time:
     D:4: 997 daAuts
     D:2: 981 daAuts
     D:3: 961 daAuts
    D:10: 948 daAuts
     D:8: 852 daAuts
     D:7: 842 daAuts
     D:1: 828 daAuts
     D:9: 742 daAuts
    D:11: 738 daAuts
     D:6: 645 daAuts
     D:5: 577 daAuts
    D:12: 500 daAuts
  Lair:1: 253 daAuts
  Temple: 97 daAuts
   IceCv: 38 daAuts
